 Dungeon Crawl Stone Soup version 0.27-a0-1256-gced786f65e (webtiles) character file.

Game seed: 12035453315513247284

854 tatocazan the Skirmisher (level 7, -3/64 HPs)
             Began as a Minotaur Fighter on June 10, 2021.
             Slain by a hornet (8 damage)
             ... on level 5 of the Dungeon.
             The game lasted 00:05:00 (5550 turns).

tatocazan the Skirmisher (Minotaur Fighter)         Turns: 5550, Time: 00:05:00

Health: -3/64      AC:  7    Str: 23    XL:     7   Next: 70%
Magic:  6/6        EV:  8    Int:  5    God:
Gold:   275        SH: 10    Dex:  9    Spells: 6/6 levels left

rFire    . . .     SeeInvis .   a - +0 war axe
rCold    . . .     Faith    .   c - +0 kite shield
rNeg     . . .     Spirit   .   b - +0 scale mail
rPois    .         Reflect  .   (helmet restricted)
rElec    .         Harm     .   (no cloak)
rCorr    .         Rampage  .   (no gloves)
Will     .....                  (no boots)
Stlth    ..........             (no amulet)
HPRegen  0.20/turn              (no ring)
MPRegen  0.10/turn              (no ring)

@: lethally poisoned (-3 -> -12), slowed, very slow
A: horns 2, retaliatory headbutt
a: no special abilities


You were on level 5 of the Dungeon.
You visited 1 branch of the dungeon, and saw 5 of its levels.

You collected 275 gold pieces.

Inventory:

Hand Weapons
 a - a +0 war axe (weapon)
Armour
 b - a +0 scale mail (worn)
 c - a +0 kite shield (worn)
Jewellery
 x - a +6 ring of strength
Wands
 n - a wand of polymorph (11)
 o - a wand of charming (8)
 w - a wand of acid (6)
Scrolls
 d - a scroll of enchant weapon {unknown}
 f - 6 scrolls of identify {unknown}
 g - a scroll of fear {unknown}
 h - 2 scrolls of amnesia {unknown}
 j - a scroll of immolation {unknown}
 p - a scroll of vulnerability {unknown}
 r - a scroll of blinking {unknown}
 s - a scroll of enchant armour {unknown}
 t - 2 scrolls of teleportation {unknown}
 y - a scroll of noise {unknown}
Potions
 e - 2 potions of lignification
 i - a potion of resistance {unknown}
 k - 2 potions of curing
 l - a potion of degeneration {unknown}
 m - 2 potions of mutation {unknown}
 q - a potion of invisibility {unknown}
 u - a potion of heal wounds {unknown}
 v - a potion of magic {unknown}
 z - a potion of flight {unknown}


   Skills:
 + Level 6.3 Fighting
 + Level 5.7 Axes
 + Level 6.2 Armour
 + Level 6.3 Shields


You had 6 spell levels left.
You didn't know any spells.
Your spell library contained the following spells:

 Spells                   Type           Power      Damage    Failure   Level
 Corona                   Hex            0%         N/A       98%         1
 Ensorcelled Hibernation  Hex/Ice        0%         N/A       99%         2
 Confusing Touch          Hex            0%         N/A       100%        3
 Dazzling Flash           Conj/Hex       0%         N/A       100%        3
 Tukima's Dance           Hex            0%         N/A       100%        3


Dungeon Overview and Level Annotations

Branches:
Dungeon (5/15)             Temple (0/1) D:5

Altars:
Ashenzari
Gozag
Okawaru

Shops:
D:4 **

Annotations:
D:5 exclusion: oklob sapling, Prince Ribbit


Innate Abilities, Weirdness & Mutations

You have a pair of horns on your head.
You reflexively headbutt those who attack you in melee.


Message History

You are too injured to fight recklessly!
You are too injured to fight recklessly!
You are too injured to fight recklessly!
You are too injured to fight recklessly!
You are too injured to fight recklessly!
You are too injured to fight recklessly!
You are too injured to fight recklessly!
You are too injured to fight recklessly!
You are too injured to fight recklessly!
You are too injured to fight recklessly!
You are too injured to fight recklessly!
You are too injured to fight recklessly!
You are too injured to fight recklessly!
You are too injured to fight recklessly!
You are too injured to fight recklessly!
You closely miss the hornet.
The hornet is moderately wounded.
You feel very sick. The hornet closely misses you.
You block the hornet's attack. The hornet stings you.
You feel as though you will be slow longer.
The hornet stings you but does no damage.
You take 7 damage, and have 25/64 hp.
You barely miss the hornet.
The hornet is moderately wounded.
You feel sick. The hornet stings you.
You feel as though you will be slow longer.
The hornet stings you!
* * * LOW HITPOINT WARNING * * *
You are lethally poisoned!
You feel as though you will be slow longer.
You block the hornet's attack.
You take 15 damage, and have 10/64 hp.
MASSIVE DAMAGE!!
You miss the hornet.
You headbutt the hornet, but do no damage.
The hornet is moderately wounded.
* * * LOW HITPOINT WARNING * * *
You feel very sick.
You block the hornet's attack. x2; The hornet stings you!
You die...

.#...(...#
#..#/?$#..##.##.#
.##......#
#..#####..##.##.#
.##.######
#.........##..... ....##
#.........# ... .....#
##.######. ...
...#.########.### .##.##
................ ...
...#..#######.#####.?...
...#............@y......
...#..#.##.##.#####.....
...#..#.##.##.# ...
####..#.##.##.# .
#....##.##)#
.....##.##.#
##.......##.#
###.######.# #.#


You could see a hornet.

Vanquished Creatures
  Grinder (D:5)
  A black bear (D:5)
  An ogre (D:5)
  Blork the orc (D:4)
  A scorpion (D:4)
  A howler monkey (D:4)
  A jelly (D:4)
  A hound (D:4)
  Natasha (thrice) (D:2)
  A hound skeleton (D:5)
  6 adders
  A worm (D:3)
  5 dart slugs
  13 orcs
  7 bats
  8 endoplasms
  3 giant cockroaches
  8 goblins
  5 hobgoblins
  6 jackals
  5 quokkas
  9 ball pythons
  9 frilled lizards
  4 kobolds
  6 rats
107 creatures vanquished.

Vanquished Creatures (others)
  8 plants (D:3)
8 creatures vanquished.

Grand Total: 115 creatures vanquished

Notes
Turn   | Place    | Note
-------+----------+-------------------------------------------
     0 | D:1      | tatocazan the Minotaur Fighter began the quest for the Orb.
     0 | D:1      | Reached XP level 1. HP: 19/19 MP: 0/0
   100 | D:1      | Reached XP level 2. HP: 22/27 MP: 1/1
   380 | D:1      | Reached XP level 3. HP: 29/33 MP: 2/2
   548 | D:1      | Found a faded altar of an unknown god.
  1122 | D:2      | Noticed Natasha
  1142 | D:2      | Killed Natasha
  1143 | D:2      | Reached XP level 4. HP: 14/41 MP: 3/3
  1515 | D:2      | Noticed Natasha
  1526 | D:2      | Killed Natasha
  1648 | D:2      | Noticed Natasha
  1655 | D:2      | Killed Natasha
  1656 | D:2      | Reached XP level 5. HP: 42/47 MP: 4/4
  2267 | D:3      | Found a broken altar of Ashenzari.
  2642 | D:3      | Found an iron altar of Okawaru.
  3054 | D:3      | Reached skill level 5 in Fighting
  3376 | D:4      | Reached skill level 5 in Shields
  3523 | D:4      | Noticed Blork the orc
  3538 | D:4      | Killed Blork the orc
  3539 | D:4      | Reached skill level 5 in Armour
  3539 | D:4      | Reached XP level 6. HP: 39/56 MP: 5/5
  3711 | D:4      | Found an opulent altar of Gozag.
  3715 | D:4      | Found Gozag's Platinum Reserve.
  4170 | D:4      | Found Viushrur's Assorted Antiques.
  4515 | D:5      | Entered Level 5 of the Dungeon
  4518 | D:5      | Found a staircase to the Ecumenical Temple.
  4578 | D:5      | Noticed Grinder
  4593 | D:5      | Paralysed by Grinder for 5 turns
  4600 | D:5      | Killed Grinder
  4601 | D:5      | Reached skill level 5 in Axes
  4601 | D:5      | Reached XP level 7. HP: 22/63 MP: 6/6
  4961 | D:5      | Noticed Prince Ribbit
  5542 | D:5      | Noticed a hornet
  5550 | D:5      | Slain by a hornet

Illustrated notes

Levels and vault maps discovered:
D:1:      amcnicky_arrival_double_pillar, layout_loops_ring,
          shapermc_ecumenical_altar_totnotflames, minmay_vboxes
D:2:      layout_loops_ring, item_on_display_a, uniq_natasha
D:3:      layout_loops_corners, nicolae_ashenzari_panopticon,
          nicolae_overflow_crystal_walls, minmay_lizard_king
D:4:      layout_gridville, nicolae_gozag_zags_fifth_avenue, serial_shops, shop,
          minivault_1, uniq_blork_the_orc
D:5:      layout_basic, minmay_temple_entry_oklob, serial_shops, shop,
          due_unseen_surprise, uniq_grinder, uniq_prince_ribbit1

Skill      XL: |  1  2  3  4  5  6  7 |
---------------+----------------------+-----
Fighting       | 4 5 6 |  6.3
Shields        | 4 5 6 |  6.3
Armour         | 4 5 6 |  6.2
Axes           | 3 4 5 |  5.7

Action                   |  1- 3 |  4- 6 |  7- 9 || total
-------------------------+-------+-------+-------++-------
Melee: War axe           |    86 |   149 |    36 ||   271
       Headbutt          |    13 |    19 |     4 ||    36
  Use: Potion            |     2 |     1 |       ||     3
Armor: Scale mail        |    45 |    53 |    10 ||   108
       Skin              |     4 |     1 |       ||     5
Dodge: Dodged            |    35 |    44 |    16 ||    95
Block: Kite shield       |    50 |    78 |    24 ||   152

Table legend: (Time is in decaauts)
 A = Elapsed time spent in this place.
 B = Non-inter-level travel time spent in this place.
 C = Inter-level travel time spent in this place.
 D = Time resting spent in this place.
 E = Time spent auto-exploring this place.
 F = Levels seen in this place.
 G = Mean time per level.
                   A        B        C        D        E       F      G
               +--------+--------+--------+--------+--------+-----+--------+
         Total |   5708 |   5631 |     77 |   1724 |   3227 |   5 | 1141.6 |
       Dungeon |   5708 |   5631 |     77 |   1724 |   3227 |   5 | 1141.6 |
               +--------+--------+--------+--------+--------+-----+--------+

Top non-repeatable levels by time:
     D:3: 1225 daAuts
     D:4: 1168 daAuts
     D:2: 1156 daAuts
     D:1: 1100 daAuts
     D:5: 1057 daAuts
